 Dungeon Crawl Stone Soup version 0.28.0 (webtiles) character file.

Game seed: 17072279757641815544

3979 sasquatch the Severer (level 10, -1/82 (86) HPs)
             Began as a Minotaur Berserker on Feb 12, 2022.
             Was a Priest of Trog.
             Slain by a manticore (5 damage)
             ... on level 8 of the Dungeon.
             The game lasted 00:16:17 (8986 turns).

sasquatch the Severer (Minotaur Berserker)          Turns: 8986, Time: 00:16:18

HP:   -1/82 (86)    AC: 11    Str: 26    XL:     10   Next: 2%
MP:   9/9           EV: 10    Int:  4    God:    Trog [***...]
Gold: 288           SH:  0    Dex: 10    Spells: 9/9 levels left

rFire   . . .      SeeInvis .   a - +1 hand axe
rCold   . . .      Faith    .   (no shield)
rNeg    . . .      Spirit   .   k - +1 scale mail
rPois   .          Reflect  .   (helmet restricted)
rElec   .          Harm     .   o - +1 cloak
rCorr   .          Rampage  .   m - +0 pair of gloves
Will    ++...                   D - +0 pair of boots
Stlth   ..........              (no amulet)
HPRegen 1.23/turn               (no ring)
MPRegen 0.11/turn               (no ring)

@: strong-willed, on berserk cooldown, regenerating, slowed, lightly drained,
very slow
A: horns 2, retaliatory headbutt
a: Renounce Religion, Berserk, Trog's Hand


You were on level 8 of the Dungeon.
You worshipped Trog.
Trog was most pleased with you.
You visited 1 branch of the dungeon, and saw 8 of its levels.

You collected 312 gold pieces.
You spent 24 gold pieces at shops.

Inventory:

Hand Weapons
 a - a +1 hand axe (weapon)
Missiles
 g - 12 javelins (quivered)
 x - 10 poisoned darts
Armour
 k - a +1 scale mail (worn)
 m - a +0 pair of gloves (worn)
 o - a +1 cloak (worn)
 D - a +0 pair of boots (worn)
Wands
 d - a wand of mindburst (15)
 l - a wand of flame (23)
 s - a wand of digging (3)
 A - a wand of acid (7)
 E - a wand of polymorph (13)
Scrolls
 c - a scroll of teleportation
 f - 3 scrolls of vulnerability {unknown}
 j - a scroll of immolation {unknown}
 r - 3 scrolls of silence {unknown}
 t - a scroll of acquirement {unknown}
 v - 4 scrolls of enchant weapon
 y - 2 scrolls of torment {unknown}
 C - a scroll of holy word {unknown}
 F - 2 scrolls of identify
Potions
 e - 2 potions of haste
 h - a potion of magic
 p - 2 potions of lignification
 q - a potion of flight {unknown}
 u - a potion of berserk rage {unknown}
 w - a potion of mutation {unknown}
 z - 3 potions of degeneration {unknown}
 B - a potion of might {unknown}


   Skills:
 + Level 7.5 Fighting
 - Level 16.0 Axes
 - Level 2.4 Armour
 - Level 2.1 Dodging


You had 9 spell levels left.
You didn't know any spells.
Your spell library was empty.

Dungeon Overview and Level Annotations

Branches:
Dungeon (8/15)             Temple (0/1) D:6
   Lair: D:8-11

Altars:
Ashenzari
Fedhas
Gozag
Kikubaaqudgha
Nemelex Xobeh
Qazlal

Shops:
D:2 ?   D:4 (

Annotations:
D:6 exclusion: 3 doors


Innate Abilities, Weirdness & Mutations

You have a pair of horns on your head.
You reflexively headbutt those who attack you in melee.


Message History

* * * LOW HITPOINT WARNING * * *
Something draws strength from your injuries!
You slash something! Something hits you but does no damage.
Something bites you.
* * * LOW HITPOINT WARNING * * *
Something draws strength from your injuries!
Okay, then.
Okay, then.
You barely miss something.
Your surroundings suddenly seem different.
Unknown command.
You feel better.
Unknown command.
You slash the manticore!
The manticore is moderately wounded.
The manticore bites you.
* * * LOW HITPOINT WARNING * * *
The manticore claws you.
* * * LOW HITPOINT WARNING * * *
The manticore claws you!
* * * LOW HITPOINT WARNING * * *
You feel better. The manticore barely misses you. The manticore claws you!
* * * LOW HITPOINT WARNING * * *
The manticore claws you!
* * * LOW HITPOINT WARNING * * *
Unknown command.
You feel better.
The manticore bites you but does no damage.
The manticore claws you.
* * * LOW HITPOINT WARNING * * *
The manticore claws you but does no damage.
The manticore closely misses you. The manticore claws you!
* * * LOW HITPOINT WARNING * * *
The manticore barely misses you.
Okay, then.
As you read the scroll labelled XUQEGAFE RIHOT, it crumbles to dust.
It is a scroll of enchant armour.
Your +0 scale mail glows green for a moment.
The manticore bites you.
You die...

'.{.......
#......... ......
##.......# .....#
##.....## #..#.#
#...## ..#.# #+##
....# #.# #...##.#
#<# #.###......# #
##.## #...H@..# #
##...##########.##
# #.)........ .# #
##)).#.#### ## #
##.##.# #####.##.#
)........#
#####.#### #.#


You could see a manticore.

Vanquished Creatures
  A two-headed ogre (D:8)
  A troll (D:8)
  Sigmund (D:2)
  A steam dragon (D:7)
  2 water moccasins
  2 sky beasts
  2 ice beasts
  3 black bears
  2 necrophages
  2 ogres
  3 centaurs
  A kobold brigand (D:6)
  A scorpion (D:6)
  A gnoll sergeant (D:7)
  A wyvern skeleton (D:7)
  A water moccasin skeleton (D:6)
  4 wights (D:8)
  A howler monkey (D:4)
  5 electric eels (D:7)
  A centaur zombie (D:8)
  A centaur skeleton (D:7)
  5 hounds
  3 jellies
  Crazy Yiuf (D:3)
  An orc priest (D:8)
  A bullfrog zombie (D:6)
  2 orc wizards
  A gnoll shaman (D:5)
  A killer bee zombie (D:8)
  A hound zombie (D:5)
  13 gnolls
  6 adders
  2 ufetubi
  A worm (D:2)
  3 dart slugs
  18 orcs
  9 ball pythons
  10 endoplasms
  2 giant cockroaches
  8 hobgoblins
  6 jackals
  3 quokkas
  4 bats
  3 frilled lizards
  7 goblins
  13 kobolds
  8 rats
169 creatures vanquished.

Vanquished Creatures (others)
  A fungus (D:4)
  25 plants (D:7)
26 creatures vanquished.

Grand Total: 195 creatures vanquished

Notes
Turn   | Place    | Note
-------+----------+-------------------------------------------
     0 | D:1      | sasquatch the Minotaur Berserker began the quest for the
                  | Orb.
     0 | D:1      | Reached XP level 1. HP: 19/19 MP: 0/0
    19 | D:1      | Reached skill level 4 in Axes
   120 | D:1      | Reached XP level 2. HP: 26/26 MP: 1/1
   569 | D:1      | Reached skill level 5 in Axes
   712 | D:1      | Reached XP level 3. HP: 31/31 MP: 2/2
  1259 | D:2      | Reached ** piety under Trog
  1379 | D:2      | Found Obugg's Magic Scroll Shop.
  1395 | D:2      | Bought a scroll of identify for 24 gold pieces
  1651 | D:2      | Noticed Sigmund
  1694 | D:2      | Found a faded altar of an unknown god.
  1855 | D:3      | Reached skill level 6 in Axes
  1855 | D:3      | Reached XP level 4. HP: 39/39 MP: 3/3
  2110 | D:3      | Found a large runed translucent door.
  2126 | D:3      | Found a large runed translucent door.
  2362 | D:3      | Found a runed translucent door.
  2363 | D:3      | Noticed Crazy Yiuf
  2467 | D:3      | Found a sparkling altar of Nemelex Xobeh.
  2476 | D:3      | Found an ancient bone altar of Kikubaaqudgha.
  2480 | D:3      | Reached skill level 7 in Axes
  2480 | D:3      | Reached XP level 5. HP: 44/45 MP: 4/4
  2557 | D:3      | Killed Crazy Yiuf
  2634 | D:4      | Found Raxasite's Antique Weapon Shoppe.
  2652 | D:4      | Noticed a black bear
  2655 | D:4      | Noticed a necrophage
  2669 | D:4      | Killed a black bear
  2670 | D:4      | Reached skill level 8 in Axes
  2670 | D:4      | Reached XP level 6. HP: 51/51 MP: 5/5
  2702 | D:4      | Reached skill level 9 in Axes
  2722 | D:4      | Found a broken altar of Ashenzari.
  2949 | D:4      | Reached *** piety under Trog
  3048 | D:4      | Found a blossoming altar of Fedhas.
  3061 | D:4      | Found a stormy altar of Qazlal.
  3295 | D:5      | Entered Level 5 of the Dungeon
  3301 | D:5      | Noticed a sky beast
  3445 | D:5      | Reached XP level 7. HP: 57/57 MP: 6/6
  3447 | D:5      | Reached skill level 10 in Axes
  3655 | D:5      | Reached skill level 11 in Axes
  3875 | D:5      | Reached XP level 8. HP: 64/64 MP: 7/7
  3892 | D:5      | Reached skill level 12 in Axes
  4615 | D:6      | Noticed an eight-headed hydra
  4771 | D:2      | Killed Sigmund
  4772 | D:2      | Reached skill level 13 in Axes
  5141 | D:6      | Found a staircase to the Ecumenical Temple.
  5198 | D:6      | Reached skill level 14 in Axes
  5322 | D:7      | Reached XP level 9. HP: 70/70 MP: 8/8
  5960 | D:7      | Reached skill level 15 in Axes
  6202 | D:7      | Found an opulent altar of Gozag.
  7987 | D:8      | Noticed a troll
  7993 | D:8      | Killed a troll
  7994 | D:8      | Reached skill level 16 in Axes
  8116 | D:8      | Noticed a two-headed ogre
  8122 | D:8      | Killed a two-headed ogre
  8417 | D:8      | Reached XP level 10. HP: 83/83 MP: 9/9
  8845 | D:8      | Noticed a manticore
  8984 | D:8      | HP: 4/82 [manticore (7)]
  8986 | D:8      | Slain by a manticore

Illustrated notes

Levels and vault maps discovered:
D:1:      erik_arrival_cave_to_civilisation [erik_arrival_cave_to_hall],
          layout_basic
D:2:      layout_rooms, shapermc_ecumenical_altar_mp_highgroup, serial_shops,
          nicolae_square_shop, uniq_sigmund
D:3:      layout_rooms, jmf_multi_god_temple2, kennysheep_generic_room_12,
          uniq_crazy_yiuf_cottage
D:4:      corexii_shack_village, layout_rooms,
          grunt_temple_overflow_forces_of_nature, mainiacjoe_overflow_catwalk,
          serial_shops, shop
D:5:      layout_rooms, grunt_decor_cap
D:6:      layout_gridville, minmay_temple_entry_crystal_x
D:7:      layout_basic, grunt_gozag_statues, serial_bayou,
          serial_bayou_crossing, serial_bayou_shore_a, serial_bayou_pond_e,
          serial_bayou_lake_a
D:8:      layout_loops_corners

Skill      XL: |  1  2  3  4  5  6  7  8  9 |
---------------+----------------------------+-----
Axes           | 4 5 6 7 8 9 11 14 16 | 16.0
Fighting       | 7 |  7.5
Armour         | |  2.4
Dodging        | |  2.1

Action                   |  1- 3 |  4- 6 |  7- 9 | 10-12 || total
-------------------------+-------+-------+-------+-------++-------
Melee: Hand axe          |    93 |    94 |   250 |    26 ||   463
       Headbutt          |    14 |    11 |    45 |     5 ||    75
       Punch             |     3 |     1 |     1 |       ||     5
Throw: Throwing net      |       |       |     2 |       ||     2
Invok: Berserk           |     2 |     5 |    13 |     1 ||    21
       Trog's Hand       |       |       |     1 |     1 ||     2
  Use: Scroll            |     1 |     3 |     5 |     2 ||    11
       Potion            |       |       |     3 |     5 ||     8
 Stab: Sleeping          |     1 |       |       |       ||     1
Armor: Animal skin       |    14 |       |       |       ||    14
       Scale mail        |    14 |    30 |    85 |    18 ||   147
Dodge: Dodged            |    59 |    47 |   118 |    10 ||   234
